 Dungeon Crawl Stone Soup version 0.29.0-4-gdea44cf6ec (webtiles) character file.

Game seed: 8843129077610941833

82 qw the Chopper (level 4, -1/26 HPs)
             Began as a Tengu Warper on Aug 28, 2022.
             Slain by an orc wizard
             ... wielding a +0 dagger
              (4 damage)
             ... on level 3 of the Dungeon.
             The game lasted 00:00:12 (2738 turns).

qw the Chopper (Tengu Warper)                       Turns: 2738, Time: 00:00:12

Health: -1/26      AC:  4    Str: 13    XL:     4   Next: 43%
Magic:  8/8        EV: 12    Int: 13    God:
Gold:   134        SH:  0    Dex: 14    Spells: 7/7 levels left

rFire   . . .      SeeInvis .   Y - +1 hand axe
rCold   . . .      Faith    .   (no shield)
rNeg    . . .      Spirit   .   b - +0 leather armour
rPois   .          Reflect  .   (helmet restricted)
rElec   .          Harm     .   m - +0 cloak
rCorr   .          Rampage  .   (no gloves)
Will    .....      Clarity  +   (boots unavailable)
Stlth   +.........              (no amulet)
HPRegen 0.08/turn               (no ring)
MPRegen 0.11/turn               (no ring)

@: no status effects
A: beak, talons 3, clarity, wild magic 1
a: no special abilities


You were on level 3 of the Dungeon.
You visited 1 branch of the dungeon, and saw 3 of its levels.

You collected 134 gold pieces.


Innate Abilities, Weirdness & Mutations

You have a beak for a mouth.
You have claws for feet.
You possess an exceptional clarity of mind.
Your spells are a little harder to cast, but a little more powerful.


   Skills:
 - Level 2.0 Fighting
 + Level 5.0 Axes
 - Level 1.0 Throwing
 - Level 1.1 Armour
 - Level 2.1 Dodging
 - Level 2.0 Spellcasting
 - Level 2.4 Translocations


You had 7 spell levels left.
You didn't know any spells.
Your spell library contained the following spells:

 Spells                   Type           Power      Damage    Failure   Level
 Blink                    Tloc           18%        N/A       26%         2
 Gell's Gravitas          Tloc           9%         N/A       45%         3
 Lesser Beckoning         Tloc           9%         N/A       45%         3
 Teleport Other           Tloc           9%         N/A       45%         3
 Manifold Assault         Tloc           9%         N/A       99%         5

Inventory:

Hand Weapons
 n - a +2 vorpal mace
 Y - a +1 hand axe (weapon)
Armour
 b - a +0 leather armour (worn)
 m - a +0 cloak (worn)
Scrolls
 l - a scroll of identify
Potions
 a - a potion of mutation
 c - a potion of haste {unknown}
 d - a potion of resistance
 e - 2 potions of cancellation {unknown}
 f - a potion of heal wounds {unknown}
 h - a potion of berserk rage {unknown}
 i - a potion of attraction {unknown}
 j - a potion of brilliance {unknown}
 k - 2 potions of curing {unknown}

Dungeon Overview and Level Annotations

Branches:
Dungeon (3/15)

Altars:
Nemelex Xobeh


Message History

An orc comes into view. It is wielding a +0 mace. x2
The orc hits you with a +0 hand axe.
You barely miss the orc. Your kick misses the orc.
You hit the orc but do no damage. The orc hits you but does no damage. x2
You hit the orc but do no damage. You peck the orc.
The orc is heavily wounded.
You hit the orc. The orc barely misses you.
You closely miss the orc. You punch the orc, but do no damage.
The orc is severely wounded.
You closely miss something. You barely miss the orc.
Something barely misses you. The orc barely misses you.
The orc hits you with a +0 club.
You hit the orc but do no damage. You peck the orc.
You kill the orc!
You miss something. You barely miss the orc.
Something hits you but does no damage. The orc hits you with a +0 hand axe.
Your Axes skill increases to level 5!
You closely miss the orc. You peck the orc.
You kill the orc!
You miss something. You hit the orc but do no damage.
The orc barely misses you. Something hits you.
You hit the orc. You claw the orc. You peck the orc, but do no damage.
The orc is heavily wounded.
You hit something. The orc closely misses you.
You hear some strange, mumbled words.
Something tries to affect you, but you resist.
You closely miss the orc. Your peck misses the orc.
The orc is heavily wounded.
You closely miss something. Something hits you.
You hit the orc but do no damage. Your kick misses the orc.
Your peck misses the orc.
The orc is heavily wounded.
You closely miss the orc. You closely miss something.
The orc hits you with a +0 mace. Something hits you.
The orc hits you with a +0 mace. Something hits you.
You die...

.....##................#.......
..............##...###.####.###
....#####.##........... ..# #
..... #.##....##.##.. .## # .
#.###...##.##.. #. #
#.###.......... #. #
#.##......>.... #
#.###...#####.. . #.....@o..# #
######{o#.# ..##.# #... . #...
## ....# #.#.. #. ##


You could see 2 orcs.

Vanquished Creatures
  Robin (D:2)
  2 adders
  A worm (D:3)
  3 orcs (D:3)
  7 ball pythons
  2 endoplasms
  2 giant cockroaches (D:2)
  14 goblins
  2 hobgoblins (D:2)
  5 kobolds
  A bat (D:2)
  3 rats (D:2)
43 creatures vanquished.

Notes
Turn   | Place    | Note
-------+----------+-------------------------------------------
     0 | D:1      | qw the Tengu Warper began the quest for the Orb.
     0 | D:1      | Reached XP level 1. HP: 12/12 MP: 4/4
     0 | D:1      | 0 ||| qw: Version: 0.1-a-89-g26bdef1
     0 | D:1      | 0 ||| qw: Game counter: 1927
     0 | D:1      | 0 ||| qw: Always use a shield: true
     0 | D:1      | 0 ||| qw: God list: Okawaru
     0 | D:1      | 0 ||| qw: Allow faded altars: false
     0 | D:1      | 0 ||| qw: Do Orc after D:15 true
     0 | D:1      | 0 ||| qw: Do second Lair branch before Depths: true
     0 | D:1      | 0 ||| qw: Lair rune preference: random
     0 | D:1      | 0 ||| qw: Plans: Normal
     0 | D:1      | 0 ||| PLANNING D:1-11
   133 | D:1      | Noticed a great orb of eyes
   135 | D:1      | Found a faded altar of an unknown god.
   137 | D:1      | Noticed an eye of devastation
   137 | D:1      | Noticed an eye of devastation
   137 | D:1      | Noticed a great orb of eyes
   809 | D:1      | 809 ||| UPGRADING to +0 cloak.
   814 | D:1      | 814 ||| DROPPING ring of flight.
   815 | D:1      | 815 ||| READING scroll labelled HARROACWAEXA.
   816 | D:1      | 816 ||| READING 2 scrolls labelled ACZEN KIDAJO.
   817 | D:1      | 817 ||| READING scroll labelled OTHRUI NIORUITREA.
   922 | D:1      | 922 ||| READING 3 scrolls labelled ETRATANETAI.
   923 | D:1      | 923 ||| READING 2 scrolls of identify.
   923 | D:1      | 923 ||| IDENTIFYING sedimented coppery potion
   924 | D:1      | 924 ||| DROPPING scroll of blinking.
   925 | D:1      | 925 ||| DROPPING scroll of vulnerability.
   953 | D:2      | Reached skill level 3 in Axes
   953 | D:2      | Reached XP level 2. HP: 17/17 MP: 6/6
   986 | D:2      | 986 ||| Stepping ~*~*~tactically~*~*~ (stealth).
  1027 | D:2      | 1027 ||| Stepping ~*~*~tactically~*~*~ (stealth).
  1073 | D:2      | 1073 ||| Stepping ~*~*~tactically~*~*~ (hiding).
  1090 | D:2      | Noticed Robin
  1097 | D:2      | Reached XP level 3. HP: 18/21 MP: 7/7
  1105 | D:2      | Killed Robin
  1106 | D:2      | Reached skill level 4 in Axes
  1630 | D:2      | Reached XP level 4. HP: 26/26 MP: 8/8
  1744 | D:2      | Found a sparkling altar of Nemelex Xobeh.
  1999 | D:2      | 1999 ||| READING scroll labelled MYOMOCSIZAPH.
  2003 | D:2      | 2003 ||| READING scroll labelled SATTYM NAOZERE.
  2004 | D:2      | 2004 ||| DRINKING 2 amethyst potions.
  2004 | D:2      | Gained mutation: Your spells are a little harder to cast,
                  | but a little more powerful. [potion of mutation]
  2004 | D:2      | Gained mutation: You possess an exceptional clarity of
                  | mind. [potion of mutation]
  2051 | D:3      | 2051 ||| STAIRDANCE
  2109 | D:3      | 2109 ||| Stepping ~*~*~tactically~*~*~ (stealth).
  2111 | D:3      | 2111 ||| Stepping ~*~*~tactically~*~*~ (stealth).
  2112 | D:3      | 2112 ||| Stepping ~*~*~tactically~*~*~ (stealth).
  2118 | D:3      | 2118 ||| Stepping ~*~*~tactically~*~*~ (stealth).
  2119 | D:3      | 2119 ||| DROPPING +0 mace.
  2365 | D:3      | 2365 ||| Stepping ~*~*~tactically~*~*~ (stealth).
  2366 | D:3      | 2366 ||| Stepping ~*~*~tactically~*~*~ (stealth).
  2380 | D:3      | HP: 6/26 [poisoned by an adder]
  2735 | D:3      | Reached skill level 5 in Axes
  2738 | D:3      | HP: 6/26 [something (2)]
  2738 | D:3      | Slain by an orc wizard

Levels and vault maps discovered:
D:1:      minmay_arrival_jagged, layout_loops_ring,
          hellmonk_ecumenical_altar_watching_god, nicolae_figureground_sparkle
D:2:      layout_basic, basic_altar, uniq_robin
D:3:      layout_basic

Skill      XL: |  1  2  3  4 |
---------------+-------------+-----
Axes           | 3 4 5 |  5.0
Fighting       | |  2.0
Throwing       | |  1.0
Armour         | |  1.1
Dodging        | |  2.1
Spellcasting   | |  2.0
Translocations | |  2.4

Action                   |  1- 3 |  4- 6 || total
-------------------------+-------+-------++-------
Melee: Hand axe          |    74 |    31 ||   105
       Kick              |    11 |     6 ||    17
       Peck              |    14 |     7 ||    21
       Punch             |       |     1 ||     1
Throw: Boomerang         |     7 |       ||     7
  Use: Scroll            |     5 |     2 ||     7
       Potion            |       |     1 ||     1
Armor: Leather armour    |    22 |     8 ||    30
Dodge: Dodged            |    33 |    13 ||    46

Table legend:
 A = Non-vault XP
 B = Vault XP
 C = Vault XP percentage of total XP
 D = Non-vault monster count
 E = Vault monster count
 F = Vault count percentage of total count
                 A         B        C        D         E       F
            +---------+---------+-------+---------+---------+-------
      Total |      79 |      39 |  33.1 |      30 |      13 |  30.2
            +---------+---------+-------+---------+---------+-------
        D:1 |       9 |       0 |   0.0 |       5 |       0 |   0.0
        D:2 |      37 |      39 |  51.3 |      17 |      13 |  43.3
        D:3 |      33 |       0 |   0.0 |       8 |       0 |   0.0
            +---------+---------+-------+---------+---------+-------
